 Dungeon Crawl Stone Soup version 0.30-a0-389-g8d7d949f56 (webtiles) character file.

Game seed: 13887927191410280794

1744 Bnni the Spear-Bearer (level 9, -1/71 HPs)
             Began as a Formicid Fighter on Dec 3, 2022.
             Was an Initiate of Yredelemnul.
             Slain by Joseph
             ... wielding a +4 quarterstaff of speed
              (9 damage)
             ... on level 7 of the Dungeon.
             The game lasted 00:09:41 (6865 turns).

Bnni the Spear-Bearer (Formicid Fighter)            Turns: 6865, Time: 00:09:42

Health: -1/71      AC: 11    Str: 24    XL:     9   Next: 26%
Magic:  13/13      EV:  6    Int:  9    God:    Yredelemnul [......]
Gold:   248        SH:  5    Dex: 13    Spells: 8/8 levels left

rFire   . . .      SeeInvis +    D - +0 scythe
rCold   + . .      Faith    .    c - +0 buckler
rNeg    . . .      Spirit   .    u - +0 plate armour
rPois   .          Reflect  .    (helmet unavailable)
rElec   .          Harm     .    (no cloak)
rCorr   .          Rampage  .    (no gloves)
Will    .....                    (no boots)
Stlth   ..........               (no amulet)
HPRegen 0.31/turn                f - ring of protection from cold
MPRegen 0.13/turn                (no ring)

@: no status effects
A: permanent stasis, dig shafts and tunnels, antennae 3, four strong arms
a: Dig, Shaft Self, Renounce Religion, Recall Undead Harvest


You were on level 7 of the Dungeon.
You worshipped Yredelemnul.
Yredelemnul was noncommittal.
You visited 1 branch of the dungeon, and saw 7 of its levels.

You collected 389 gold pieces.
You spent 141 gold pieces at shops.

Inventory:

Hand Weapons
 a - a +0 trident
 D - a +0 scythe (weapon)
Missiles
 n - 6 javelins
 o - 8 poisoned darts
 F - 4 boomerangs
Armour
 c - a +0 buckler (worn)
 u - a +0 plate armour (worn)
Jewellery
 f - a ring of protection from cold (left hand)
Wands
 r - a wand of flame (19)
 t - a wand of paralysis (8)
 z - a wand of iceblast (8)
Scrolls
 b - 3 scrolls of silence {unknown}
 h - a scroll of vulnerability {unknown}
 j - a scroll of fear {unknown}
 k - 2 scrolls of torment {unknown}
 l - a scroll of enchant armour
 m - a scroll of brand weapon {unknown}
 q - 4 scrolls of noise {unknown}
 w - a scroll of magic mapping {unknown}
 y - a scroll of poison
 A - a scroll of enchant weapon {unknown}
 B - a scroll of fog {unknown}
 C - a scroll of amnesia {unknown}
Potions
 d - a potion of might
 e - a potion of curing
 g - 2 potions of attraction
 i - a potion of magic {unknown}
 p - 2 potions of cancellation
 v - 3 potions of heal wounds {unknown}
 x - a potion of invisibility {unknown}
 E - a potion of lignification {unknown}


   Skills:
 + Level 6.9 Fighting
 * Level 8.1 Polearms
 - Level 3.2 Armour
 - Level 5.0 Shields
 + Level 6.2 Invocations


You had 8 spell levels left.
You didn't know any spells.
Your spell library contained the following spells:

 Spells                   Type           Power      Damage    Failure   Level
 Ensorcelled Hibernation  Hex/Ice        0%         N/A       100%        2
 Passwall                 Tmut/Erth      0%         N/A       100%        2
 Swiftness                Air            Unusable   N/A       N/A         3

Dungeon Overview and Level Annotations

Branches:
Dungeon (7/15)             Temple (0/1) D:6

Altars:
Kikubaaqudgha
Yredelemnul

Shops:
D:5 *

Annotations:
D:7 Dowan, Duvessa, Joseph


Innate Abilities, Weirdness & Mutations

You cannot be hasted, slowed, berserked, paralysed or teleported.
You can dig through walls and to a lower floor.
You have a pair of large antennae on your head. (SInv)
Your four strong arms can wield two-handed weapons with a shield.


Message History

Aim: a killer bee (31% to hit)
You throw a curare-tipped dart.
The curare-tipped dart closely misses the killer bee.
You feel very sick.
The killer bee stings you but does no damage.
The killer bee stings you. You block Joseph's attack.
Throw: 2 darts (curare)
Press: ? - help, Shift-Dir - straight line, f/p - killer bee
Aim: a killer bee (31% to hit)
You throw a curare-tipped dart.
The curare-tipped dart barely misses the killer bee.
You feel very sick.
The killer bee stings you but does no damage.
The killer bee stings you.
You are more poisoned.
The killer bee poisons you!
Joseph hits you with a +4 quarterstaff of speed!
* * * LOW HITPOINT WARNING * * *
Throw: dart (curare)
Press: ? - help, Shift-Dir - straight line, f/p - killer bee
Aim: a killer bee (31% to hit)
You throw a curare-tipped dart.
The curare-tipped dart hits the killer bee.
The killer bee is poisoned.
The killer bee convulses.
The killer bee seems to slow down.
The killer bee is moderately wounded.
* * * LOW HITPOINT WARNING * * *
You feel very sick. The killer bee stings you.
* * * LOW HITPOINT WARNING * * *
The killer bee barely misses you. You block Joseph's attack.
You feel better. The killer bee stings you.
* * * LOW HITPOINT WARNING * * *
You puncture Joseph!
Joseph is almost dead.
You kill the killer bee!
Joseph says, "Drop everything you've found here and return home."
Joseph hits you with a +4 quarterstaff of speed!
You die...
Your body rises from the dead as a mindless zombie.

#..##.#.##.######
#.#.###.#.##.#
#.(.....#.##.#
#......##.##.#
#.#............#
##.#.......#.####
{..#.(.....#.# #########
{.#@(.....#.# #...)...#
#.#.@.....#.## #.......##
#.##'####....#
#...<....###.##.######..#
#.........................#
#............##.#.#####.#.#
#####'#..####.#.#.# .#.#
#.#......##.# . .# #
#.....##.##.# ## .#
######.#...##.##.# ..


You could see Joseph (very poisoned, slow).

Vanquished Creatures
  A vampire (D:6)
  An ice beast (D:5)
  A black bear (D:5)
  A centaur (D:5)
  A bullfrog (D:6)
  4 scorpions
  8 killer bees (D:7)
  3 hounds
  3 orc priests
  An orc wizard (D:3)
  An iguana (D:6)
  A gnoll (D:6)
  5 adders
  A shadow imp (D:6)
  2 white imps (D:7)
  3 worms
  3 dart slugs
  14 orcs
  4 endoplasms
  4 giant cockroaches
  10 goblins
  9 hobgoblins
  2 quokkas
  10 ball pythons
  4 bats
  3 frilled lizards
  6 kobolds
  4 rats
110 creatures vanquished.

Vanquished Creatures (collateral kills)
  Sigmund (D:6)
  A killer bee (D:7)
  A jelly (D:6)
  An iguana (D:6)
  An orc wizard (D:5)
  2 gnolls (D:6)
  A white imp (D:6)
  A dart slug (D:3)
9 creatures vanquished.

Vanquished Creatures (others)
  A scorpion zombie (D:6)
  3 killer bee zombies (D:7)
  A hound zombie (D:6)
  A human zombie (D:6)
  4 orc zombies
  3 spectral white imps
  A bat zombie (D:3)
  A gnoll zombie (D:6)
15 creatures vanquished.

Grand Total: 134 creatures vanquished

Notes
Turn   | Place    | Note
-------+----------+-------------------------------------------
     0 | D:1      | Bnni the Formicid Fighter began the quest for the Orb.
     0 | D:1      | Reached XP level 1. HP: 18/18 MP: 1/1
   175 | D:1      | Reached XP level 2. HP: 24/24 MP: 2/2
   328 | D:1      | Reached XP level 3. HP: 19/29 MP: 3/3
   835 | D:2      | Found a basalt altar of Yredelemnul.
   880 | D:2      | Became a worshipper of Yredelemnul the Dark
   980 | D:2      | Reached XP level 4. HP: 37/37 MP: 4/4
   996 | D:2      | Reached * piety under Yredelemnul
  1113 | D:2      | Reached skill level 5 in Shields
  1178 | D:2      | Reached skill level 3 in Polearms
  1497 | D:3      | Reached skill level 1 in Invocations
  1506 | D:3      | Reached XP level 5. HP: 29/42 MP: 5/5
  1841 | D:3      | Reached ** piety under Yredelemnul
  2287 | D:3      | Reached skill level 4 in Polearms
  2287 | D:3      | Reached XP level 6. HP: 7/48 MP: 7/7
  3599 | D:5      | Entered Level 5 of the Dungeon
  3608 | D:5      | Noticed an ice beast
  3619 | D:5      | Killed an ice beast
  3735 | D:5      | Noticed a black bear
  3746 | D:5      | Killed a black bear
  3747 | D:5      | Reached skill level 5 in Polearms
  3747 | D:5      | Reached XP level 7. HP: 37/55 MP: 9/9
  3764 | D:5      | Reached skill level 5 in Fighting
  3990 | D:5      | Found Ujiot's Assorted Antiques.
  4045 | D:5      | Bought a bubbling ruby potion for 18 gold pieces
  4045 | D:5      | Bought a black potion for 18 gold pieces
  4045 | D:5      | Bought a scroll labelled FALASHI ETUAG for 21 gold pieces
  4045 | D:5      | Bought a jewelled bone wand for 84 gold pieces
  4594 | D:6      | Reached skill level 6 in Polearms
  4594 | D:6      | Reached XP level 8. HP: 49/63 MP: 11/11
  4838 | D:6      | Found a staircase to the Ecumenical Temple.
  5343 | D:6      | Noticed Sigmund
  5366 | D:6      | Killed Sigmund
  5367 | D:6      | Reached skill level 7 in Polearms
  5367 | D:6      | Reached skill level 5 in Invocations
  5468 | D:6      | Reached *** piety under Yredelemnul
  5495 | D:6      | Noticed a vampire
  5505 | D:6      | Your ally Sigmund died
  5515 | D:6      | Killed a vampire
  6250 | D:7      | Found an ancient bone altar of Kikubaaqudgha.
  6261 | D:7      | Noticed Duvessa
  6261 | D:7      | Noticed Dowan
  6263 | D:7      | Noticed Joseph
  6264 | D:7      | Reached XP level 9. HP: 69/71 MP: 13/13
  6657 | D:7      | Reached skill level 8 in Polearms
  6863 | D:7      | HP: 3/71 [killer bee (4)]
  6865 | D:7      | Slain by Joseph

Illustrated notes

Levels and vault maps discovered:
D:1:      spicycebolla_arrival_ecumenical, layout_loops_cross
D:2:      layout_rooms, basic_altar, minmay_misc_feat_cross
D:3:      layout_loops_ring
D:4:      layout_basic
D:5:      layout_gridville, serial_shops, shop, minmay_misc_feat_four_crosses,
          kennysheep_generic_room_10
D:6:      layout_basic, temple_pool_b, uniq_sigmund
D:7:      layout_basic, nicolae_kikubaaqudgha_miasma_corner,
          minmay_tree_intersection, uniq_duvessa, uniq_joseph

Skill      XL: |  1  2  3  4  5  6  7  8  9 |
---------------+----------------------------+-----
Shields        | 5 |  5.0
Polearms       | 3 4 5 6 7 8 |  8.1
Invocations    | 1 2 3 4 5 6 |  6.2
Fighting       | 4 5 6 |  6.9
Armour         | |  3.2

Action                   |  1- 3 |  4- 6 |  7- 9 || total
-------------------------+-------+-------+-------++-------
Melee: Trident           |    84 |   164 |   160 ||   408
       Halberd           |       |       |    57 ||    57
Throw: Dart              |       |       |     7 ||     7
Invok: Recall Undead Har |       |       |     1 ||     1
 Abil: Dig               |       |       |     1 ||     1
  Use: Scroll            |       |     6 |     2 ||     8
       Potion            |       |       |     8 ||     8
 Stab: Distracted        |       |       |     1 ||     1
Armor: Scale mail        |    21 |       |       ||    21
       Ring mail         |     1 |    29 |       ||    30
       Plate armour      |       |    21 |   117 ||   138
Dodge: Dodged            |    44 |    58 |    72 ||   174
Block: Buckler           |    17 |    35 |    61 ||   113

Table legend: (Time is in decaauts)
 A = Elapsed time spent in this place.
 B = Non-inter-level travel time spent in this place.
 C = Inter-level travel time spent in this place.
 D = Time resting spent in this place.
 E = Time spent auto-exploring this place.
 F = Levels seen in this place.
 G = Mean time per level.
                   A        B        C        D        E       F      G
               +--------+--------+--------+--------+--------+-----+--------+
         Total |   6917 |   6694 |    223 |    467 |   5178 |   7 |  988.1 |
       Dungeon |   6917 |   6694 |    223 |    467 |   5178 |   7 |  988.1 |
               +--------+--------+--------+--------+--------+-----+--------+

Top non-repeatable levels by time:
     D:6: 1868 daAuts
     D:4: 1175 daAuts
     D:3: 1051 daAuts
     D:5: 971 daAuts
     D:2: 715 daAuts
     D:1: 697 daAuts
     D:7: 436 daAuts
